 Dungeon Crawl Stone Soup version 0.26-a0-597-gb535b0901c (webtiles) character file.

Game seed: 7407400397232023945

526 Alarkh the Insei (level 7, 55/55 HPs)
             Began as a Demonspawn Gladiator on Sept 15, 2020.
             Got out of the dungeon alive.
             The game lasted 00:04:12 (3216 turns).

Alarkh the Insei (Demonspawn Gladiator)             Turns: 3216, Time: 00:04:13

Health: 55/55      AC:  7    Str: 14    XL:     7   Next: 2%
Magic:  7/7        EV: 13    Int: 12    God:
Gold:   215        SH:  0    Dex: 14    Spells: 6/6 levels left

rFire    . . .     SeeInvis .     - Unarmed
rCold    . . .     Faith    +   (no shield)
rNeg     . . .     Spirit   .   m - +0 steam dragon scales
rPois    .         Reflect  .   (helmet restricted)
rElec    .         Harm     .   (no cloak)
rCorr    .                      (no gloves)
MR       .....                  (no boots)
Stlth    +.........             d - amulet of faith
HPRegen  0.18/turn              (no ring)
MPRegen  0.10/turn              (no ring)

@: no status effects
A: horns 1, thin metallic scales 1, spiny 1
a: no special abilities


You escaped.
You visited 1 branch of the dungeon, and saw 4 of its levels.

You collected 215 gold pieces.

Inventory:

Missiles
 c - 3 throwing nets (quivered)
Armour
 a - a +0 leather armour
 b - a +0 helmet
 m - +0 steam dragon scales (worn)
Jewellery
 d - an amulet of faith (around neck)
 e - an uncursed ring of ice
Wands
 l - a wand of acid (6)
 q - a wand of paralysis (8)
Scrolls
 f - a scroll of blinking {unknown}
 g - a scroll of teleportation {unknown}
 h - 5 scrolls of identify {unknown}
 i - 3 scrolls of enchant weapon {unknown}
 j - 4 scrolls of remove curse
 k - 3 scrolls of magic mapping {unknown}
 n - a scroll of fog {unknown}
 o - a scroll of fear {unknown}
 p - a scroll of random uselessness {unknown}


   Skills:
 + Level 4.6 Fighting
 - Level 1.7 Throwing
 - Level 2.6 Dodging
 * Level 6.2 Unarmed Combat


You had 6 spell levels left.
You didn't know any spells.
Your spell library contained the following spells:

 Spells                   Type           Power        Failure   Level
 Pain                     Necr           #...         32%         1


Dungeon Overview and Level Annotations

Branches:
Dungeon (4/15)
 Temple: D:4-7

Altars:
Gozag
Kikubaaqudgha
Okawaru
Sif Muna
Vehumet
Yredelemnul
The Shining One


Innate Abilities, Weirdness & Mutations

You have a pair of small horns on your head.
You are partially covered in thin metallic scales. (AC +2)
You are partially covered in sharp spines.


Message History

A pair of horns grows on your head!
Your +0 helmet falls away!
Done exploring.
Done exploring.
Done exploring.
(D) Dungeon
Where to? (Enter - D:4, ? - help)
What level of the Dungeon? (default 1, ? - help)
There is a stone staircase leading up here.
You climb upwards.
There is a stone staircase leading down here.
There is a stone staircase leading up here.
You climb upwards.
There is a stone staircase leading down here.
There is a stone staircase leading up here.
You climb upwards.
There is a stone staircase leading down here.
There is a staircase leading out of the dungeon here.
Are you sure you want to leave the Dungeon?
This will make you lose the game!
You have escaped!

#.######§≈≈≈≈.###.#.#.≈.#####
#...........≈...#.#.#.≈......
###########.≈≈≈.#.#.#.≈######
#..........§§§..#.#.≈# #
#.###.≈§≈≈≈.§§≈.#..§≈# #
#.#...≈...≈.§§≈§#.§§§# #
###.≈≈§.≈(≈≈≈§§§#.≈§## #
#...≈...§.....≈...≈.# #
#.≈§≈§≈≈≈.@.≈≈≈.≈≈≈.# #
#.§..)≈.§...≈...≈...#
##.§§#.§.§§≈.≈.≈≈≈.###
#§§§§#§§§§.§.§§≈...#.#
#§...#§§≈§.≈§§≈§.###.#
#≈.#.#.§§≈..§........# #####
#§.#.#.#.≈§§.###########....
#≈.#.#.#...≈.§..............
#≈.#.#.###.§≈§≈.######......


There were no monsters in sight!

Vanquished Creatures
  Sigmund (D:2)
  Eustachio (D:4)
  A bullfrog skeleton (D:4)
  Jessica (D:2)
  An iguana (D:2)
  A hound skeleton (D:4)
  4 adders
  2 oozes
  2 worms
  3 leopard geckos
  4 orcs
  5 bats
  3 giant cockroaches
  11 goblins
  10 hobgoblins
  6 jackals
  10 kobolds
  A quokka (D:4)
  5 frilled lizards
  13 rats
85 creatures vanquished.

Notes
Turn   | Place    | Note
-------+----------+-------------------------------------------
     0 | D:1      | Alarkh the Demonspawn Gladiator began the quest for the
                  | Orb.
     0 | D:1      | Reached XP level 1. HP: 16/16 MP: 1/1
   120 | D:1      | Reached skill level 3 in Unarmed Combat
   161 | D:1      | Gained mutation: You are partially covered in sharp spines.
                  | [demonic ancestry]
   161 | D:1      | Reached XP level 2. HP: 17/22 MP: 2/2
   395 | D:1      | Reached XP level 3. HP: 21/28 MP: 3/3
   998 | D:2      | Noticed Jessica
  1001 | D:2      | Killed Jessica
  1001 | D:2      | Reached skill level 4 in Unarmed Combat
  1001 | D:2      | Reached XP level 4. HP: 25/35 MP: 4/4
  1227 | D:2      | Found a glowing golden altar of the Shining One.
  1249 | D:2      | Found a basalt altar of Yredelemnul.
  1274 | D:2      | Found an opulent altar of Gozag.
  1283 | D:2      | Noticed Sigmund
  1300 | D:2      | Killed Sigmund
  1300 | D:2      | Reached skill level 5 in Unarmed Combat
  1300 | D:2      | Gained mutation: You are partially covered in thin metallic
                  | scales. (AC +2) [demonic ancestry]
  1300 | D:2      | Reached XP level 5. HP: 28/42 MP: 5/5
  1300 | D:2      | Reached XP level 6. HP: 33/48 MP: 6/6
  1627 | D:2      | Noticed an angel
  1659 | D:3      | Found an ancient bone altar of Kikubaaqudgha.
  1670 | D:3      | Found a shimmering blue altar of Sif Muna.
  1671 | D:3      | Found a radiant altar of Vehumet.
  1673 | D:3      | Identified Kikubaaqudgha's Reference Book on Evil Secrets
  2583 | D:4      | Noticed Eustachio
  2646 | D:4      | Killed Eustachio
  2646 | D:4      | Reached skill level 6 in Unarmed Combat
  2883 | D:4      | Found an iron altar of Okawaru.
  3109 | D:4      | Gained mutation: You have a pair of small horns on your
                  | head. [demonic ancestry]
  3109 | D:4      | Reached XP level 7. HP: 54/55 MP: 7/7
  3216 | D:$      | Got out of the dungeon alive.

Illustrated notes

Levels and vault maps discovered:
D:1:      psy_arrival_radial02, layout_basic, minmay_pentomino_w4
D:2:      layout_rooms, grunt_temple_overflow_holy_war, solitary_fountain,
          grunt_gozag_statues, uniq_sigmund, uniq_jessica
D:3:      layout_basic, grunt_temple_overflow_magic_moments,
          nicolae_overflow_hidden_temple, minmay_misc_feat_iff,
          minmay_close_crescents
D:4:      layout_loops_cross, okawaru_gym_becter, uniq_eustachio

Skill      XL: |  1  2  3  4  5  6 |
---------------+-------------------+-----
Unarmed Combat | 3 4 5 6 |  6.2
Fighting       | 3 4 |  4.6
Throwing       | |  1.7
Dodging        | |  2.6

Action                   |  1- 3 |  4- 6 |  7- 9 || total
-------------------------+-------+-------+-------++-------
Melee: Unarmed           |   102 |   132 |       ||   234
       Punch             |     1 |     3 |       ||     4
  Use: Potion            |     4 |     4 |       ||     8
       Scroll            |     1 |       |       ||     1
 Stab: Sleeping          |       |     1 |       ||     1
Armor: Leather armour    |    22 |     9 |       ||    31
       Skin              |       |     2 |       ||     2
       Steam dragon scal |       |    35 |       ||    35
Dodge: Dodged            |    72 |    84 |       ||   156

Table legend: (Time is in decaauts)
 A = Elapsed time spent in this place.
 B = Non-inter-level travel time spent in this place.
 C = Inter-level travel time spent in this place.
 D = Time resting spent in this place.
 E = Time spent auto-exploring this place.
 F = Levels seen in this place.
 G = Mean time per level.
                   A        B        C        D        E       F      G
               +--------+--------+--------+--------+--------+-----+--------+
         Total |   3159 |   2940 |    219 |    152 |   2303 |   4 |  789.8 |
       Dungeon |   3159 |   2940 |    219 |    152 |   2303 |   4 |  789.8 |
               +--------+--------+--------+--------+--------+-----+--------+

Top non-repeatable levels by time:
     D:1: 905 daAuts
     D:3: 788 daAuts
     D:2: 751 daAuts
     D:4: 713 daAuts
